Map: Automaton LE

Players

Odin

  • Race: Protoss Protoss
  • League: Gold
  • Spawn Location: 9:00

keyser - Winner!

  • Race: Terran Terran
  • League: Gold
  • Spawn Location: 3:00

VOD

Have the link to the VOD?

Description

Time

  • Played on: Dec. 11, 2018, 4:28 a.m.
  • Length: 7:11
Show
View Real Time Build Order
Export as new Build Order

Odin Protoss 

Build Orders: Dark Templar Rush 

Get SALT Encoding   

  12  0:03  Probe  
  13  0:23  Pylon  
  13  0:29  Probe  
  14  0:45  Gateway  
  14  0:52  Probe  
  15  1:01  Probe  
  15  1:09  Probe  
  16  1:16  Assimilator  
  17  1:20  Probe  
  18  1:32  Probe  
  18  1:38  Cybernetics Core  
  19  1:40  Pylon  
  19  1:44  Pylon  
  19  1:48  Probe  
  20  1:59  Pylon  
  20  2:06  Probe  
  19  2:14  Warp Gate  
  20  2:19  Probe  
  20  2:25  Adept  
  23  2:33  Gateway  
  23  2:36  Probe  
  24  2:38  Assimilator  
  24  2:42  Pylon  
  24  2:48  Probe  
  25  3:02  Probe  
  25  3:05  Twilight Council  
  26  3:22  Gateway x2  
  26  3:32  Nexus  
  26  3:45  Dark Shrine  
  26  3:47  Probe  
  27  4:16  Adept  
  29  4:17  Adept  
  31  4:27  Probe  
  32  4:50  Probe x2  
  34  4:58  Dark Templar x2  
  34  4:59  Dark Templar  
  40  5:07  Assimilator  
  40  5:10  Assimilator  
  40  5:12  Pylon  
  40  5:15  Pylon  
  38  5:53  Probe x2  
  38  5:56  Dark Templar x2  
  40  6:05  Probe x2  
  42  6:20  Forge  
  42  6:21  Forge, Shield Battery  
  42  6:28  Robotics Facility  
  42  6:29  Shield Battery  
  42  6:45  Probe x2  
  40  6:57  Pylon  
  40  6:59  Stalker  
  40  7:00  Stalker x2  
  46  7:02  Stalker  
Show
View Real Time Build Order
Export as new Build Order

keyser Terran - Winner!

Build Orders:  

Get SALT Encoding   

  12  0:01  SCV  
  13  0:16  Supply Depot  
  13  0:19  SCV  
  14  0:31  SCV  
  15  0:39  Barracks  
  15  0:44  Refinery  
  15  0:46  SCV  
  16  0:58  SCV  
  17  1:10  SCV  
  18  1:19  Refinery  
  18  1:22  SCV  
  19  1:31  Supply Depot  
  19  1:32  Reaper  
  20  1:35  Orbital Command  
  20  1:39  Refinery  
  20  2:10  Barracks  
  20  2:13  Marine  
  21  2:18  SCV  
  22  2:30  SCV  
  22  2:35  Factory  
  22  2:36  Marine  
  24  2:42  SCV  
  25  2:51  Command Center  
  25  2:54  Marine  
  27  3:05  SCV  
  27  3:13  Barracks Tech Lab  
  27  3:19  Factory Tech Lab  
  27  3:25  Starport  
  27  3:30  Barracks Tech Lab  
  27  3:53  Supply Depot  
  27  3:57  Cyclone, Engineering Bay  
  30  4:13  Supply Depot  
  30  4:18  Barracks  
  30  4:20  Barracks Reactor  
  30  4:29  Missile Turret  
  30  4:30  SCV  
  31  4:46  Orbital Command  
  31  4:48  Banshee  
  31  4:49  Cloaking Field  
  34  4:59  Marine x3  
  37  5:05  Siege Tank  
  40  5:25  Barracks Tech Lab  
  40  5:26  Starport  
  40  5:31  SCV, Banshee  
  40  5:33  SCV  
  45  5:43  SCV  
  46  6:10  Missile Turret, SCV x2  
  48  6:13  Marine x3  
  48  6:14  Marine, Raven  
  54  6:22  Starport Reactor, SCV  
  54  6:23  SCV  
  56  6:31  Marine x2  
  58  6:34  SCV  
  55  6:45  SCV  
  55  6:47  SCV  
  56  6:52  Marine x2  
  62  7:02  Supply Depot  
  62  7:03  Supply Depot  
Tags
 
Add a new tag
Caveats
  • Supply blocks, unpowered buildings, or Contaminate may cause inaccurate times.
  • Supply counts are checked every 10 seconds.